 Dungeon Crawl Stone Soup version 0.30.1-9-gdf580d7c3d (webtiles) character file.

Game seed: 15865580921269520508

210 lonewolfV2 the Covered (level 5, 0/41 HPs)
             Began as a Demonspawn Fighter on Oct 26, 2023.
             Succumbed to an orc's poison
             ... on level 3 of the Dungeon.
             The game lasted 00:03:19 (1945 turns).

lonewolfV2 the Covered (Demonspawn Fighter)         Turns: 1945, Time: 00:03:20

Health: 0/41       AC: 10    Str: 19    XL:     5   Next: 56%
Magic:  7/7        EV:  8    Int:  9    God:
Gold:   1413       SH:  8    Dex: 12    Spells: 4/4 levels left

rFire   . . .        p - +2 morningstar (heavy)
rCold   . . .        c - +0 buckler
rNeg    . . .        i - +0 chain mail
rPois   .            (helmet restricted)
rElec   .            (no cloak)
rCorr   .            h - +0 pair of gloves
SInv    .            (no boots)
Will    .....        (no amulet) Stlth
                     (no ring)
HPRegen 0.26/turn    (no ring)
MPRegen 0.10/turn

%: no passive effects
@: lethally poisoned (0 -> -16)
A: horns 1, condensation shield, demonic magic 1
a: no special abilities


You were on level 3 of the Dungeon.
You visited 1 branch of the dungeon, and saw 3 of its levels.

You collected 1413 gold pieces.

Inventory:

Hand Weapons
 a - a +0 war axe
 p - a +2 heavy morningstar (weapon)
Armour
 c - a +0 buckler (worn)
 h - a +0 pair of gloves (worn)
 i - a +0 chain mail (worn)
 m - a +0 helmet
Potions
 b - a potion of lignification {unknown}
 d - a potion of might
 e - a potion of mutation
 f - a potion of curing
 g - a potion of berserk rage {unknown}
 j - 2 potions of degeneration {unknown}
 k - 2 potions of heal wounds {unknown}
 l - 2 potions of magic
 n - a potion of invisibility {unknown}


   Skills:
 - Level 3.0 Fighting
 - Level 1.7 Axes
 + Level 3.7 Armour
 * Level 3.3 Dodging
 - Level 2.6 Shields
 + Level 3.3 Invocations


You had 4 spell levels left.
You didn't know any spells.
Your spell library contained the following spells:

 Spells                   Type           Power      Damage    Failure   Level
 Sandblast                Erth           0%         2d4       99%         1
 Passwall                 Tmut/Erth      0%         N/A       100%        2
 Sublimation of Blood     Necr           0%         N/A       100%        2
 Wereblood                Tmut           0%         N/A       100%        2
 Stone Arrow              Conj/Erth      0%         3d7       100%        3
 Summon Hydra             Summ           0%         N/A       100%        7


Dungeon Overview and Level Annotations

Branches:
Dungeon (3/15)

Altars:


Innate Abilities, Weirdness & Mutations

You have a pair of small horns on your head.
A meltable shield of frost defends you. (SH +4)
Spells you cast may paralyse adjacent enemies.


Message History

Your Dodging skill increases to level 3!
Your Invocations skill increases to level 3!
You have reached level 5!
Your demonic ancestry asserts itself...
A pair of horns grows on your head!
Your +0 helmet falls away!
Magic restored.
Found a stone staircase leading down.
An orc wizard comes into view. It is wielding a +0 dagger.
The orc wizard shouts!
You hear a shout!
An orc wizard is nearby!
An orc comes into view. It is wielding a +2 war axe of venom.
The orc shouts!
A quokka comes into view.
An orc priest comes into view. It is wielding a +0 hand axe.
The orc priest shouts!
The orc wizard casts a spell at you. You resist with some effort.
The quokka barely misses you. The orc barely misses you.
You completely miss the quokka. The quokka barely misses you.
The orc hits you with a +2 war axe of venom!
You are poisoned.
The quokka barely misses you. The orc wizard casts a spell at you.
You resist with some effort.
The orc hits you with a +2 war axe of venom.
You bludgeon the quokka!!
You kill the quokka!
You feel extremely sick.
The orc wizard hits you but does no damage.
The orc priest calls down the wrath of Beogh upon you.
Beogh smites you!
* * * LOW HITPOINT WARNING * * *
The orc closely misses you.
The orc priest looks braver for a moment.
The orc hits you with a +2 war axe of venom.
* * * LOW HITPOINT WARNING * * *
You are more poisoned.
The orc wizard hits you but does no damage.
You die...

#....#.....#
..
#..#.....#
#....####
####>...#
#....#.###
#.#......#
#.####.#.#
......o.#
......o@#
#.#...#.o# #
#.#.#..#
#.#.#..# #
#....# .#..#
..... . #.##


You could see an orc priest, an orc wizard and an orc.

Vanquished Creatures
  A water moccasin (D:3)
  Terence (D:2)
  3 adders
  A worm (D:3)
  A dart slug (D:1)
  4 ball pythons
  2 bats (D:2)
  4 endoplasms
  A giant cockroach (D:3)
  4 goblins
  4 hobgoblins
  6 jackals (D:1)
  2 quokkas (D:3)
  2 frilled lizards (D:1)
  3 kobolds
  6 rats
45 creatures vanquished.

Notes
Turn   | Place    | Note
-------+----------+-------------------------------------------
     0 | D:1      | lonewolfV2 the Demonspawn Fighter began the quest for the
                  | Orb.
     0 | D:1      | Reached XP level 1. HP: 18/18 MP: 1/1
   245 | D:1      | Reached skill level 1 in Invocations
   245 | D:1      | Gained mutation: A meltable shield of frost defends you.
                  | (SH +4) [demonic ancestry]
   245 | D:1      | Reached XP level 2. HP: 24/24 MP: 2/2
   246 | D:1      | Reached skill level 1 in Dodging
   918 | D:2      | Gained mutation: Spells you cast may paralyse adjacent
                  | enemies. [demonic ancestry]
   918 | D:2      | Reached XP level 3. HP: 29/29 MP: 4/4
   948 | D:2      | Noticed Terence
   962 | D:2      | Killed Terence
  1103 | D:2      | Reached XP level 4. HP: 33/35 MP: 5/5
  1106 | D:2      | Identified a scroll of acquirement
  1106 | D:2      | Acquired 1220 gold pieces
  1882 | D:3      | Noticed a water moccasin
  1890 | D:3      | Killed a water moccasin
  1891 | D:3      | Gained mutation: You have a pair of small horns on your
                  | head. [demonic ancestry]
  1891 | D:3      | Reached XP level 5. HP: 41/41 MP: 5/7
  1945 | D:3      | Succumbed to an orc's poison

Illustrated notes

Levels and vault maps discovered:
D:1:      elethiomel_arrival_shortcut, layout_loops_ring,
          minmay_misc_feat_more_columns
D:2:      layout_basic, kennysheep_generic_room_16, uniq_terence
D:3:      minmay_razor_zed, layout_basic, mainiacjoe_overflow_six_doors_small

Skill      XL: |  1  2  3  4 |
---------------+-------------+-----
Invocations    | 1 2 3 |  3.3
Dodging        | 1 2 3 |  3.3
Armour         | 3 |  3.7
Fighting       | |  3.0
Axes           | |  1.7
Shields        | |  2.6

Action                     |  1- 3 |  4- 6 || total
---------------------------+-------+-------++-------
  Melee: War axe           |    76 |       ||    76
         Morningstar       |     9 |    27 ||    36
    Use: Scroll            |       |    10 ||    10
 Armour: Scale mail        |    21 |       ||    21
         Chain mail        |    35 |    22 ||    57
  Dodge: Dodged            |    43 |    20 ||    63
  Block: Buckler           |    30 |    22 ||    52
